 Dungeon Crawl Stone Soup version 0.23.1 (webtiles) character file.

Game seed: 131522110717581010

219 dvd the Chiller (level 5, 0/28 HPs)
             Began as a Gargoyle Ice Elementalist on Mar 4, 2019.
             Slain by an ogre
             ... wielding a +0 giant club
              (7 damage)
             ... on level 4 of the Dungeon.
             The game lasted 00:06:08 (2874 turns).

dvd the Chiller (Gargoyle Ice Elementalist)         Turns: 2874, Time: 00:06:08

Health: 0/28       AC:  8    Str: 11    XL:     5   Next: 96%
Magic:  4/10       EV: 12    Int: 17    God:
Gold:   27         SH:  0    Dex: 10    Spells: 5/11 levels left

rFire    . . .     SeeInvis .   h - +1 whip (freeze)
rCold    . . .     Gourm    .   (no shield)
rNeg     + . .     Faith    .   a - +0 robe
rPois    ∞         Spirit   .   (no helmet)
rElec    +         Reflect  .   (no cloak)
rCorr    +         Harm     .   t - +1 pair of gloves
MR       .....                  (no boots)
Stlth    ++........             (no amulet)
HPRegen  0.09/turn              p - ring of resist corrosion
MPRegen  0.12/turn              (no ring)

@: no status effects
A: negative energy resistance 1, electricity resistance, unbreathing,
petrification resistance, rot immunity, AC +4
a: no special abilities


You were on level 4 of the Dungeon.
You were near starving.

You visited 1 branch of the dungeon, and saw 4 of its levels.

You collected 165 gold pieces.
You spent 138 gold pieces at shops.

Inventory:

Hand Weapons
 h - a +1 whip of freezing (weapon)
Armour
 a - a +0 robe (worn)
 t - a +1 pair of gloves (worn)
Jewellery
 p - a ring of resist corrosion (left hand)
Scrolls
 d - 4 scrolls of identify {unknown}
 g - a scroll of teleportation {unknown}
 k - a scroll of magic mapping {unknown}
 m - 3 scrolls of amnesia {unknown}
 q - a scroll of fog {unknown}
Potions
 b - 3 potions of heal wounds {unknown}
 e - a potion of lignification {unknown}
 f - a potion of cancellation {unknown}
 i - 2 potions of brilliance {unknown}
 j - 2 potions of mutation {unknown}
 l - a potion of agility {unknown}
 n - a potion of might {unknown}
 o - a potion of curing {unknown}
 r - a potion of magic {unknown}
Comestibles
 c - 6 rations


   Skills:
 + Level 0.5 Fighting
 + Level 0.2 Maces & Flails
   Level 0.3 Polearms
 + Level 1.8 Dodging
 + Level 2.8 Stealth
 + Level 3.9 Spellcasting
 + Level 1.2 Conjurations
 + Level 0.2 Charms
 + Level 4.5 Ice Magic


You had 5 spell levels left.
You knew the following spells:

 Your Spells              Type           Power        Failure   Level  Hunger
a - Freeze                Ice            ###.         2%          1    None
b - Throw Frost           Conj/Ice       ##....       8%          2    ##.....
c - Ozocubu's Armour      Chrm/Ice       ##......     19%         3    ###....

Your spell library contained the following spells:

 Spells                   Type           Power        Failure   Level  Hunger
 Beastly Appendage        Tmut           #.....       16%         1    None
 Sticks to Snakes         Tmut           #.......     24%         2    ##.....
 Spider Form              Tmut/Pois      #.........   43%         3    ###....
 Throw Icicle             Conj/Ice       ##......     43%         4    ####...
 Ice Form                 Ice/Tmut       ##......     54%         4    ####...
 Summon Ice Beast         Ice/Summ       ##......     54%         4    ####...
 Blade Hands              Tmut           #.........   99%         5    ######.


Dungeon Overview and Level Annotations

Branches:
Dungeon (4/15)
 Temple: D:4-7

Altars:

Shops:
D:4 [


Innate Abilities, Weirdness & Mutations

You are resistant to torment.
Your stone body is resilient. (AC +4)
You are immune to poison.
You resist negative energy. (rN+)
You are resistant to electric shocks. (rElec)
You can survive without breathing.
You are immune to petrification.
You are immune to rotting.


Message History

Aim: an ogre, wielding a +0 giant club (lightly wounded)
You freeze the ogre!
The ogre is moderately wounded.
The ogre misses you.
Casting: Freeze (safe; 2% risk of failure)
Confirm with . or Enter, or press ? or * to list all spells.
Aiming: Freeze (safe; 2% risk of failure)
Press: ? - help, Shift-Dir - straight line, f/p - ogre
Aim: an ogre, wielding a +0 giant club (moderately wounded)
You freeze the ogre.
The ogre is heavily wounded.
Casting: Freeze (safe; 2% risk of failure)
Confirm with . or Enter, or press ? or * to list all spells.
Aiming: Freeze (safe; 2% risk of failure)
Press: ? - help, Shift-Dir - straight line, f/p - ogre
Aim: an ogre, wielding a +0 giant club (heavily wounded)
You freeze the ogre.
The ogre is severely wounded.
The ogre hits you with a +0 giant club!
You die...

#########################
#................OJ.....#
.#####.##############.##
#........#@# #.#
#J######.#O# #.# #.# #o#
#.# #O# #.# #.#
####.##### #.# #.#
#........# #.# #O#
#........# #.# #.#
#........# #.# #J#
#........# #.# #.#


You could see an ogre and an orc.

Vanquished Creatures
  An ogre (D:4)
  A howler monkey (D:4)
  A worker ant (D:2)
  2 adders
  An ooze (D:3)
  2 worms (D:2)
  A dart slug (D:1)
  3 leopard geckos
  2 orcs (D:3)
  2 bats
  3 giant cockroaches (D:3)
  4 goblins
  7 hobgoblins
  A ball python (D:3)
  3 frilled lizards
  3 kobolds
  3 rats
40 creatures vanquished.

Notes
Turn   | Place    | Note
-------+----------+-------------------------------------------
     0 | D:1      | dvd the Gargoyle Ice Elementalist began the quest for the
                  | Orb.
     0 | D:1      | Reached XP level 1. HP: 10/10 MP: 3/3
   187 | D:1      | Reached XP level 2. HP: 15/15 MP: 3/5
   193 | D:1      | Learned a level 2 spell: Throw Frost
  1134 | D:2      | Reached XP level 3. HP: 18/19 MP: 0/6
  1139 | D:2      | Learned a level 3 spell: Ozocubu's Armour
  1790 | D:2      | Reached XP level 4. HP: 24/24 MP: 4/8
  2507 | D:4      | Found Yshroopi's Armour Shop.
  2512 | D:4      | Bought a +1 pair of gloves for 138 gold pieces
  2558 | D:4      | Noticed an ogre
  2558 | D:4      | Noticed an ogre
  2568 | D:4      | Reached skill level 4 in Ice Magic
  2574 | D:4      | Killed an ogre
  2574 | D:4      | Reached XP level 5. HP: 22/28 MP: 0/10
  2874 | D:4      | Slain by an ogre

Skill      XL: |  1  2  3  4 |
---------------+-------------+-----
Spellcasting   | 3 |  3.9
Ice Magic      | 4 |  4.5
Fighting       | |  0.5
Maces & Flails | |  0.2
Polearms       | |  0.3
Dodging        | |  1.8
Stealth        | |  2.8
Conjurations   | |  1.2
Charms         | |  0.2

Action                   |  1- 3 |  4- 6 || total
-------------------------+-------+-------++-------
Melee: Spear             |    12 |       ||    12
       Short sword       |     3 |       ||     3
       Whip              |     4 |     9 ||    13
 Cast: Freeze            |    34 |    33 ||    67
       Throw Frost       |     4 |     7 ||    11
       Ozocubu's Armour  |       |     4 ||     4
  Use: Scroll            |     2 |       ||     2
 Stab: Sleeping          |     3 |     1 ||     4
  Eat: Chunk             |     3 |     3 ||     6
Armor: Robe              |    13 |    10 ||    23
Dodge: Dodged            |    23 |    34 ||    57
